 Dungeon Crawl Stone Soup version 0.31-a0-986-g5e6e4ef867 (webtiles) character file.

Game seed: 3632789626952768389

64 IdlyInterested the Trooper (level 3, -1/30 HPs)
             Began as a Demonspawn Gladiator on Nov 17, 2023.
             Succumbed to an adder's poison
             ... on level 2 of the Dungeon.
             The game lasted 00:03:30 (1305 turns).

IdlyInterested the Trooper (Demonspawn Gladiator)   Turns: 1305, Time: 00:03:31

Health: -1/30      AC:  7    Str: 16    XL:     3   Next: 91%
Magic:  3/3        EV: 11    Int:  9    God:
Gold:   36         SH:  0    Dex: 14    Spells: 2/2 levels left

rFire   . . .        a - +0 war axe
rCold   . . .        (no shield)
rNeg    . . .        n - +0 ring mail
rPois   .            c - +0 helmet
rElec   .            (no cloak)
rCorr   .            i - +0 pair of gloves
SInv    .            (no boots)
Will    .....        (no amulet)
Stlth   +            f - ring of flight
HPRegen 0.25/turn    (no ring)
MPRegen 0.08/turn

%: no passive effects
@: lethally poisoned (-1 -> -8), attractive, flying
A: weakness stinger 1
a: no special abilities


You were on level 2 of the Dungeon.
You visited 1 branch of the dungeon, and saw 2 of its levels.

You collected 36 gold pieces.

Inventory:

Hand Weapons
 a - a +0 war axe (weapon)
 m - a +0 spear
Missiles
 d - 3 throwing nets
 e - 4 javelins
 g - 16 stones (quivered)
 o - 4 boomerangs
Armour
 b - a +0 leather armour
 c - a +0 helmet (worn)
 i - a +0 pair of gloves (worn)
 n - a +0 ring mail (worn)
Jewellery
 f - a ring of flight (left hand)
 t - the Hermit's Pendant {Faith Invo=14 Evo=0 MP+5}
   (You found it on level 2 of the Dungeon)

   [amulet of faith]

   Invo=14: It sets your Invocations skill to 14.
   Evo=0: It sets your Evocations skill to 0.
   Faith:     It allows you to gain divine favour quickly.
   MP+5:      It affects your magic capacity (+5).
Scrolls
 h - a scroll of immolation {unknown}
 j - a scroll of silence {unknown}
 k - a scroll of blinking {unknown}
 l - a scroll of torment {unknown}
 p - 2 scrolls of identify {unknown}
 q - a scroll of fear {unknown}
 s - a scroll of fog {unknown}


   Skills:
 + Level 3.7 Fighting
 - Level 3.0 Axes
 - Level 2.0 Throwing
 + Level 0.0 Armour
 - Level 3.0 Dodging


You had 2 spell levels left.
You didn't know any spells.
Your spell library was empty.

Dungeon Overview and Level Annotations

Branches:
Dungeon (2/15)

Altars:

Shops:
D:2 :


Innate Abilities, Weirdness & Mutations

You have a small tail.


Message History

* * * LOW HITPOINT WARNING * * *
Unknown command.
You hit Jessica.
You kill Jessica!
You closely miss the adder. You barely miss the adder.
The adder barely misses you. The adder misses you. The adder barely misses you.
The adder bites you but does no damage. The adder closely misses you.
Training target 3.0 for Dodging reached!
Your Dodging skill increases to level 3!
You closely miss the adder. You barely miss the adder.
The adder closely misses you. The adder barely misses you. x2
The adder closely misses you. The adder barely misses you.
The goblin hits you but does no damage.
You hit the adder but do no damage. You hit the goblin.
You closely miss the adder. The adder bites you but does no damage.
The adder misses you. The adder barely misses you.
The goblin hits you with a +0 club.
* * * LOW HITPOINT WARNING * * *
The adder bites you.
* * * LOW HITPOINT WARNING * * *
The adder completely misses you. The goblin hits you but does no damage.
The adder bites you.
* * * LOW HITPOINT WARNING * * *
It was a potion of attraction.
You feel attractive to monsters.
You feel yourself speed up.
The adder barely misses you. x2; The goblin hits you but does no damage.
The adder closely misses you.
You miss the adder. You closely miss the goblin. You closely miss the adder.
The adder completely misses you. The adder barely misses you.
The goblin hits you with a +0 club.
* * * LOW HITPOINT WARNING * * *
The adder bites you.
* * * LOW HITPOINT WARNING * * *
You are lethally poisoned!
The adder poisons you! The adder bites you but does no damage.
The goblin hits you with a +0 club.
* * * LOW HITPOINT WARNING * * *
You closely miss the adder. You hit the adder.
You hit the goblin but do no damage.
You die...

######### #..###<#.#####
.....?..# #..#.....#
........# #........#
........####.......#
................>.##
.............####.######
........†....# #.÷.....
......S.###### #.......
......S@# ##......
......g)# #......
........# #......
........# #......
........# #......
........# #......
######### #......
#...... ..


You could see 2 adders and a goblin.

Vanquished Creatures
  Jessica (D:2)
  A gnoll (D:1)
  A worm (D:2)
  A dart slug (D:2)
  3 bats (D:1)
  2 endoplasms (D:1)
  2 giant cockroaches (D:1)
  2 goblins
  A hobgoblin (D:1)
  3 kobolds
  A quokka (D:2)
  A ball python (D:2)
  2 frilled lizards
  3 rats
24 creatures vanquished.

Notes
Turn   | Place    | Note
-------+----------+-------------------------------------------
     0 | D:1      | IdlyInterested the Demonspawn Gladiator began the quest for
                  | the Orb.
     0 | D:1      | Reached XP level 1. HP: 16/16 MP: 1/1
   386 | D:1      | Gained mutation: You have a small tail. [demonic ancestry]
   386 | D:1      | Reached XP level 2. HP: 23/23 MP: 2/2
  1021 | D:2      | Reached XP level 3. HP: 29/29 MP: 3/3
  1048 | D:2      | Found Acluon's Book Shop.
  1271 | D:2      | Found the Hermit's Pendant {Faith Invo=14 Evo=0 MP+5}
  1295 | D:2      | Noticed Jessica
  1300 | D:2      | Killed Jessica
  1304 | D:2      | HP: 1/30 [goblin/+0 club (1)]
  1305 | D:2      | Succumbed to an adder's poison

Illustrated notes

Levels and vault maps discovered:
D:1:      dpeg_arrival_signposts, layout_basic
D:2:      layout_basic, serial_shops, nicolae_shop_tiny_waterfront,
          roderic_lattice_a, uniq_jessica

Skill      XL: |  1  2  3 |
---------------+----------+-----
Axes           | 3 |  3.0
Throwing       | 2 |  2.0
Fighting       | 3 |  3.7
Dodging        | 3 |  3.0

Action                     || total
---------------------------++-------
  Melee: War axe           ||    80
         Tailslap          ||     6
  Throw: Stone             ||     6
    Use: Potion            ||     1
 Armour: Leather armour    ||    32
         Ring mail         ||    45
  Dodge: Dodged            ||    70

Table legend: (Time is in decaauts)
 A = Elapsed time spent in this place.
 B = Non-inter-level travel time spent in this place.
 C = Inter-level travel time spent in this place.
 D = Time resting spent in this place.
 E = Time spent auto-exploring this place.
 F = Levels seen in this place.
 G = Mean time per level.
                   A        B        C        D        E       F      G
               +--------+--------+--------+--------+--------+-----+--------+
         Total |   1336 |   1272 |     64 |     96 |    846 |   2 |  668.0 |
       Dungeon |   1336 |   1272 |     64 |     96 |    846 |   2 |  668.0 |
               +--------+--------+--------+--------+--------+-----+--------+

Top non-repeatable levels by time:
     D:1: 1036 daAuts
     D:2: 299 daAuts
